 Dungeon Crawl Stone Soup version 0.32-a0-872-g59262bd (webtiles) character file.

Game seed: 5389337908242737572

2450 lyrin the Arsonist (level 9, -4/58 HPs)
             Began as an Octopode Cinder Acolyte on Mar 30, 2024.
             Was a High Priest of Ignis.
             Slain by a wyvern (8 damage)
             ... on level 7 of the Dungeon.
             The game lasted 00:09:59 (8805 turns).

lyrin the Arsonist (Octopode Cinder Acolyte)        Turns: 8805, Time: 00:10:01

Health: -4/58      AC: -6    Str: 13    XL:     9   Next: 50%
Magic:  11/20      EV: 12    Int: 20    God:    Ignis [*****.]
Gold:   977        SH:  0    Dex:  8    Spells: 21/23 levels left

rFire   + . .        a - -1 falchion (flame)
rCold   . . .        (no shield)
rNeg    . . .        x - +1 hat
rPois   .            (no amulet)
rElec   .            (no ring)
rCorr   .            (no ring)
SInv    .            (no ring)
Will    .....        (no ring)
Stlth   ++           (no ring)
HPRegen 0.29/turn    (no ring)
MPRegen 0.17/turn    (no ring)
                     (no ring)

%: no passive effects
@: about to teleport, corroded
A: almost no armour, amphibious, 8 rings, camouflage 1, gelatinous body 1,
(nimble swimmer 1), tentacles
a: Renounce Religion, Fiery Armour, Foxfire Swarm, Rising Flame


You were on level 7 of the Dungeon.
You worshipped Ignis.
Ignis was extremely pleased with you.
You visited 2 branches of the dungeon, and saw 9 of its levels.

You collected 977 gold pieces.

Inventory:

Hand Weapons
 a - a -1 falchion of flaming (weapon)
 p - a +2 heavy war axe
Armour
 x - a +1 hat (worn)
Magical Staves
 i - a staff of cold
Jewellery
 t - an amulet of the acrobat
Wands
 u - a wand of warping (10)
Scrolls
 b - a scroll of blinking {unknown}
 c - 2 scrolls of enchant weapon {unknown}
 d - 2 scrolls of noise {unknown}
 e - a scroll of butterflies {unknown}
 f - a scroll of acquirement {unknown}
 h - a scroll of vulnerability {unknown}
 j - 6 scrolls of identify {unknown}
 l - 2 scrolls of enchant armour {unknown}
 n - a scroll of teleportation
 o - 2 scrolls of amnesia {unknown}
 s - a scroll of revelation {unknown}
 v - 2 scrolls of brand weapon {unknown}
Potions
 g - 5 potions of brilliance {unknown}
 k - 4 potions of resistance {unknown}
 m - 2 potions of curing {unknown}
 q - 2 potions of haste {unknown}
 r - a potion of magic {unknown}
 w - a potion of heal wounds {unknown}


   Skills:
 + Level 4.1 Fighting
 + Level 4.2 Long Blades
 + Level 2.4 Dodging
 + Level 7.7 Spellcasting
 + Level 8.4 Fire Magic


You had 21 spell levels left.
You knew the following spells:

 Your Spells              Type           Power      Damage    Failure   Level
a - Scorch                Fire           82%        2d8       1%          2

Your spell library contained the following spells:

 Spells                   Type           Power      Damage    Failure   Level
 Apportation              Tloc           14%        N/A       9%          1
 Jinxbite                 Hex            14%        N/A       13%         2
 Alistair's Intoxication  Alch           4%         N/A       94%         5


Dungeon Overview and Level Annotations

Branches:
Dungeon (8/15)             Temple (1/1) D:4
   Lair: D:8-11

Altars:
Ashenzari
Dithmenos
Fedhas
Hepliaklqana
Kikubaaqudgha
Nemelex Xobeh
Okawaru
Ru
Sif Muna
Trog
Vehumet
Xom
Yredelemnul
The Shining One

Annotations:
D:3 1 runed translucent door, Dega's ghost, amateur SpHu


Innate Abilities, Weirdness & Mutations

You cannot wear most types of armour.
You are amphibious.
You can wear up to eight rings at the same time.
Your skin changes colour to match your surroundings (Stealth+).
Your rubbery body absorbs attacks. (AC +1, EV +1)
((You are camouflaged when in or above water. (Stealth+)))
You have tentacles for arms and can constrict up to eight enemies at once.


Message History

Confirm with . or Enter, or press ? or * to list all spells.
Flames lash the sleepcap.
The sleepcap is burned terribly!
The sleepcap is heavily damaged.
Casting: Scorch (safe; 1% risk of failure)
Confirm with . or Enter, or press ? or * to list all spells.
Flames lash the sleepcap.
The sleepcap is burned terribly!
The sleepcap is severely damaged.
The sleepcap releases spores at you.
Casting: Scorch (safe; 1% risk of failure)
Confirm with . or Enter, or press ? or * to list all spells.
Flames lash the jelly.
The jelly is almost dead.
The jelly's fire resistance burns away.
The sleepcap misses you. The jelly closely misses you.
Casting: Scorch (safe; 1% risk of failure)
Confirm with . or Enter, or press ? or * to list all spells.
Flames lash the wyvern.
The wyvern is lightly wounded.
The wyvern's fire resistance burns away.
The sleepcap releases spores at you. The wyvern bites you! The jelly hits you.
The acid corrodes you!
You are splashed with acid!
The wyvern bites you!
* * * LOW HITPOINT WARNING * * *
The sleepcap barely misses you. The jelly hits you.
* * * LOW HITPOINT WARNING * * *
The acid corrodes you!
You are splashed with acid!
* * * LOW HITPOINT WARNING * * *
The wyvern closely misses you.
You climb upwards.
There is a stone staircase leading down here.
Unknown command.
Okay, then.
Okay, then.
As you read the scroll labelled ROISISTEFAU, it crumbles to dust.
You feel strangely unstable.
It was a scroll of teleportation.
The sleepcap releases spores at you.
* * * LOW HITPOINT WARNING * * *
The wyvern bites you!
You die...
Ignis goes out, and joins you in death.

##.....##..............#####.###
############..>........).).....
#.............##...##
#..........#..##)#)#
#.......#..#..##)#.#
#......##.##..##.#.##
#.........##..##.....
#...J...####.........
#..k@f...###........>
#................####
#.....#..###..#...##.
#........###.##......
####..#......#..#.##.
##..........#.##.##.
##.............##..#.
##........#########...
##.........#########.<.


You could see a wyvern (combustible), a sleepcap (combustible) and a jelly
(combustible).

Vanquished Creatures
  Sigmund (D:4)
  A wraith (D:6)
  A steam dragon (D:6)
  An ice beast (D:6)
  An orc warrior (D:7)
  2 ogres
  A centaur (D:6)
  2 phantoms
  5 bullfrogs
  A scorpion (D:4)
  A howler monkey (D:5)
  3 jellies
  2 orc priests
  4 bombardier beetles
  6 hounds
  2 sleepcaps
  Crazy Yiuf (D:5)
  Natasha (twice) (D:3)
  4 orc wizards
  2 iguanas
  7 gnolls
  9 adders
  A shadow imp (D:7)
  5 dart slugs
  6 ribbon worms
  25 orcs
  8 endoplasms
  4 giant cockroaches
  4 goblins
  10 hobgoblins
  3 jackals (D:2)
  3 quokkas
  7 ball pythons
  6 bats
  2 frilled lizards (D:3)
  7 kobolds
  3 rats
153 creatures vanquished.

Vanquished Creatures (others)
  10 foxfires (D:7)
10 creatures vanquished.

Grand Total: 163 creatures vanquished

Notes
Turn   | Place    | Note
-------+----------+-------------------------------------------
     0 | D:1      | lyrin the Octopode Cinder Acolyte began the quest for the
                  | Orb.
     0 | D:1      | Reached XP level 1. HP: 16/16 MP: 2/2
   351 | D:1      | Reached XP level 2. HP: 21/21 MP: 3/3
   770 | D:2      | Reached XP level 3. HP: 25/26 MP: 4/4
   789 | D:2      | Learned a level 2 spell: Scorch
  1065 | D:1      | Reached XP level 4. HP: 15/33 MP: 1/6
  2107 | D:3      | Reached skill level 1 in Dodging
  2111 | D:3      | Reached XP level 5. HP: 33/37 MP: 1/8
  2418 | D:3      | Found a runed translucent door.
  2427 | D:3      | Noticed Dega's ghost (amateur SpHu)
  3104 | D:3      | Reached skill level 4 in Fire Magic
  3231 | D:4      | Noticed Natasha
  3330 | D:3      | Killed Natasha
  3331 | D:3      | Reached XP level 6. HP: 32/43 MP: 0/10
  3752 | D:4      | Found a staircase to the Ecumenical Temple.
  3758 | Temple   | Entered the Ecumenical Temple
  3880 | D:4      | Noticed Sigmund
  3885 | D:4      | Killed Sigmund
  3886 | D:4      | Reached skill level 5 in Fire Magic
  3886 | D:4      | Reached XP level 7. HP: 47/47 MP: 4/12
  4746 | D:3      | Noticed Natasha
  4752 | D:3      | Killed Natasha
  5205 | D:4      | Reached skill level 5 in Spellcasting
  5205 | D:4      | Reached XP level 8. HP: 25/54 MP: 1/15
  5208 | D:4      | Reached skill level 6 in Fire Magic
  5443 | D:5      | Entered Level 5 of the Dungeon
  6179 | D:5      | Found a runed translucent door.
  6180 | D:5      | Noticed Crazy Yiuf
  6406 | D:5      | Killed Crazy Yiuf
  6818 | D:6      | Noticed a wraith
  6831 | D:6      | Killed a wraith
  6940 | D:6      | Reached skill level 7 in Fire Magic
  7335 | D:6      | Reached XP level 9. HP: 58/58 MP: 13/19
  7460 | D:6      | Found a shimmering blue altar of Sif Muna.
  7490 | D:6      | Found a bloodstained altar of Trog.
  7986 | D:7      | Reached skill level 8 in Fire Magic
  8391 | D:7      | Found the +7 Kryia's mail coat {PotionHeal*2 rC+}
  8805 | D:7      | Slain by a wyvern

Illustrated notes

Levels and vault maps discovered:
D:1:      scummos_arrival_forest, layout_rooms, minmay_gold_behind_fungi
D:2:      layout_basic, nicolae_titane
D:3:      layout_loops_ring, ebering_ghost_sewer_d
D:4:      minmay_polygon_palace, layout_loops_ring,
          minmay_temple_entry_enclosed_plants, minmay_misc_feat_nine_boxes,
          uniq_natasha, uniq_sigmund
D:5:      layout_loops_ring, uniq_crazy_yiuf_cottage
D:6:      layout_rooms, nicolae_sif_muna_little_library,
          mainiacjoe_overflow_24_doors, hangedman_decor_clover_reticule
D:7:      layout_rooms, serial_aquarium, aquarium_bridge_straight
          [aquarium_subvault_bridge, aquarium_subvault_wall,
          aquarium_subvault_bridge, aquarium_subvault_wall], aquarium_window_1,
          aquarium_window_fake, aquarium_view_2g, aquarium_view_2c,
          enter_ossuary_3
D:8:      layout_layer_cave, serial_shops, kennysheep_mini,
          nicolae_shop_firing_range
Temple:   hellmonk_temple_flake

Skill      XL: |  1  2  3  4  5  6  7  8  9 |
---------------+----------------------------+-----
Spellcasting   | 2 3 5 6 7 |  7.7
Dodging        | 1 2 |  2.4
Fire Magic     | 4 5 7 8 |  8.4
Long Blades    | 4 |  4.2
Fighting       | 4 |  4.1

Action                     |  1- 3 |  4- 6 |  7- 9 || total
---------------------------+-------+-------+-------++-------
  Melee: Falchion          |    50 |    23 |    27 ||   100
         Constrict         |    16 |    11 |     7 ||    34
         Tentacles         |    11 |     9 |     8 ||    28
   Cast: Scorch            |     7 |    66 |   155 ||   228
 Invoke: Foxfire Swarm     |       |       |     1 ||     1
    Use: Scroll            |       |       |     1 ||     1
   Stab: Sleeping          |     4 |       |       ||     4
 Armour: Skin              |    31 |    28 |    90 ||   149
  Dodge: Dodged            |    29 |    30 |    57 ||   116

Table legend: (Time is in decaauts)
 A = Elapsed time spent in this place.
 B = Non-inter-level travel time spent in this place.
 C = Inter-level travel time spent in this place.
 D = Time resting spent in this place.
 E = Time spent auto-exploring this place.
 F = Levels seen in this place.
 G = Mean time per level.
                   A        B        C        D        E       F      G
               +--------+--------+--------+--------+--------+-----+--------+
         Total |   8831 |   8603 |    228 |   1722 |   5640 |   9 |  981.2 |
       Dungeon |   8811 |   8590 |    221 |   1722 |   5640 |   8 | 1101.4 |
        Temple |     19 |     12 |      7 |      0 |      0 |   1 |   19.0 |
               +--------+--------+--------+--------+--------+-----+--------+

Top non-repeatable levels by time:
     D:3: 1723 daAuts
     D:4: 1617 daAuts
     D:5: 1534 daAuts
     D:1: 1077 daAuts
     D:2: 1023 daAuts
     D:7: 946 daAuts
     D:6: 856 daAuts
     D:8: 32 daAuts
  Temple: 19 daAuts
